 Dungeon Crawl Stone Soup version 0.31-a0-216-g22e908daa7 (webtiles) character file.

Game seed: 2203774679790212360

40 qw the Shooter (level 3, 0/29 HPs)
             Began as a Minotaur Hexslinger on July 1, 2023.
             Slain by a hobgoblin (2 damage)
             ... led by Robin
             ... on level 2 of the Dungeon.
             The game lasted 00:00:26 (922 turns).

qw the Shooter (Minotaur Hexslinger)                 Turns: 922, Time: 00:00:27

Health: 0/29       AC:  3    Str: 12    XL:     3   Next: 30%
Magic:  3/3        EV: 12    Int: 10    God:
Gold:   33         SH:  0    Dex: 14    Spells: 3/4 levels left

rFire   . . .        Y - +2 sling
rCold   . . .        (no shield)
rNeg    . . .        i - +0 leather armour
rPois   .            (helmet restricted)
rElec   .            (no cloak)
rCorr   .            (no gloves)
SInv    .            (no boots)
Will    .....        (no amulet)
Stlth   +            (no ring)
HPRegen 0.24/turn    (no ring)
MPRegen 0.08/turn

%: no passive effects
@: no status effects
A: horns 2, retaliatory headbutt
a: no special abilities


You were on level 2 of the Dungeon.
You visited 1 branch of the dungeon, and saw 2 of its levels.

You collected 57 gold pieces.
You spent 24 gold pieces at shops.


Innate Abilities, Weirdness & Mutations

You have a pair of horns on your head.
You reflexively headbutt those who attack you in melee.


   Skills:
 - Level 2.0 Fighting
 + Level 3.9 Ranged Weapons
 - Level 2.1 Dodging
 - Level 1.0 Spellcasting
 - Level 2.0 Hexes


You had 3 spell levels left.
You knew the following spells:

 Your Spells              Type           Power      Damage    Failure   Level
a - Slow                  Hex            16%        N/A       19%         1

Your spell library contained the following spells:

 Spells                   Type           Power      Damage    Failure   Level
 Inner Flame              Hex/Fire       2%         N/A       65%         3
 Portal Projectile        Hex/Tloc       4%         N/A       65%         3
 Cause Fear               Hex            2%         N/A       88%         4

Inventory:

Hand Weapons
 Y - a +2 sling (weapon)
Armour
 i - a +0 leather armour (worn)
Scrolls
 f - a scroll of identify
Potions
 a - a potion of magic {unknown}
 b - a potion of curing {unknown}

Dungeon Overview and Level Annotations

Branches:
Dungeon (2/15)

Altars:

Shops:
D:1 ([!?:

Annotations:
D:2 Robin


Message History

The goblin closely misses you. You furiously retaliate!
You headbutt the goblin!
You kill the goblin!
You shoot a sling bullet.
The sling bullet barely misses the goblin.
The goblin hits you but does no damage. x2; The goblin unwields a +0 sling.
The goblin wields a +0 dagger.
The goblin hits you with a +0 dagger. The goblin closely misses you.
The goblin barely misses you.
You shoot a sling bullet.
The sling bullet barely misses the goblin.
The goblin hits you but does no damage. The goblin hits you with a +0 club.
The goblin hits you but does no damage.
You shoot a sling bullet. The sling bullet hits the goblin!
You kill the goblin!
The goblin hits you with a +0 dagger. The goblin barely misses you. x2
The hobgoblin barely misses you. Robin misses you.
The goblin barely misses you. You furiously retaliate!
You headbutt the goblin. You shoot a sling bullet.
The sling bullet hits the goblin.
You kill the goblin!
The goblin misses you. The goblin closely misses you. You furiously retaliate!
You headbutt the goblin!
You kill the goblin!
The frilled lizard barely misses you. You furiously retaliate!
You headbutt the frilled lizard.
You kill the frilled lizard!
Robin barely misses you.
The hobgoblin hits you but does no damage.
You shoot a sling bullet.
The sling bullet barely misses the goblin.
The goblin hits you with a +0 dagger. Robin hits you but does no damage.
The hobgoblin hits you. The goblin barely misses you. You furiously retaliate!
You headbutt the goblin. The goblin hits you with a +0 dagger.
The hobgoblin hits you but does no damage.
Robin throws the goblin at you! The hobgoblin barely misses you.
The hobgoblin misses you.
You shoot a sling bullet. The sling bullet hits the goblin.
You kill the goblin!
The hobgoblin hits you. The goblin hits you but does no damage.
The hobgoblin closely misses you. Robin barely misses you.
The hobgoblin hits you.
You die...

...##......# #.####
##.... #.#....# #.##..
...... ####...## #.#...
...... #.#.....####.#...
......##.........##.#...
....$..........#....#...
.........#.....###..#...
......gg.####.......).##
......g@.####..####.###
.....g)g)#.....# #.###
...............# #...##
..............## #.#...
.............## #.####
............## ####.####
............# #........
.##....)...## #........
#........# #........


You could see Robin, 3 hobgoblins and a goblin (strong).

Vanquished Creatures
  A worm (D:2)
  A dart slug (D:1)
  4 bats
  3 endoplasms
  8 goblins (D:2)
  2 hobgoblins
  6 kobolds
  2 ball pythons
  2 frilled lizards
  5 rats
34 creatures vanquished.

Notes
Turn   | Place    | Note
-------+----------+-------------------------------------------
     0 | D:1      | qw the Minotaur Hexslinger began the quest for the Orb.
     0 | D:1      | Reached XP level 1. HP: 16/16 MP: 1/1
     0 | D:1      | 0 ||| qw: Version: 0.3-a-35-g05ef00e
     0 | D:1      | 0 ||| qw: Game counter: 7778
     0 | D:1      | 0 ||| qw: Melee chars always use a shield: true
     0 | D:1      | 0 ||| qw: God list: Okawaru
     0 | D:1      | 0 ||| qw: Allow faded altars: false
     0 | D:1      | 0 ||| qw: Do Orc after clearing Dungeon:15 true
     0 | D:1      | 0 ||| qw: Do second Lair branch before Depths: true
     0 | D:1      | 0 ||| qw: Lair rune preference: random
     0 | D:1      | 0 ||| qw: Goals: Normal
     0 | D:1      | 0 ||| PLANNING D:1-11
    33 | D:1      | Found Reptoppisoi's Antique Armour Emporium.
    48 | D:1      | 48 ||| SHOPLISTING dazzling ring mail (207 gold, have 32).
    48 | D:1      | 48 ||| SHOPLISTING leather armour (46 gold, have 32).
    48 | D:1      | 48 ||| SHOPLISTING pair of gloves (103 gold, have 32).
    48 | D:1      | 48 ||| SHOPLISTING shiny ring mail (161 gold, have 32).
   121 | D:1      | Reached skill level 3 in Ranged Weapons
   167 | D:1      | Found Loppeg's Magic Scroll Shop.
   170 | D:1      | 170 ||| BUYING scroll of identify (24 gold).
   170 | D:1      | Bought a scroll of identify for 24 gold pieces
   170 | D:1      | 170 ||| SHOPLISTING scroll of identify (24 gold, have 8).
   170 | D:1      | 170 ||| SHOPLISTING scroll of teleportation (36 gold, have
                  | 8).
   194 | D:1      | Found Wepra's Book Emporium.
   200 | D:1      | Reached XP level 2. HP: 23/23 MP: 2/2
   257 | D:1      | Found Laevof's Distillery.
   261 | D:1      | 261 ||| SHOPLISTING potion of curing (42 gold, have 8).
   261 | D:1      | 261 ||| SHOPLISTING potion of enlightenment (70 gold, have
                  | 8).
   261 | D:1      | 261 ||| SHOPLISTING potion of heal wounds (70 gold, have
                  | 8).
   273 | D:1      | 273 ||| FLEEEEING.
   274 | D:1      | 274 ||| FLEEEEING.
   399 | D:1      | Found March's Weapon Boutique.
   407 | D:1      | 407 ||| SHOPLISTING +1 antimagic shortbow (224 gold, have
                  | 8).
   655 | D:1      | 655 ||| UPGRADING to +0 leather armour.
   665 | D:1      | 665 ||| DROPPING +0 robe.
   666 | D:1      | 666 ||| READING scroll labelled LUJELO UNIFINE.
   667 | D:1      | 667 ||| READING scroll labelled BUTEOT ZECEDGH.
   668 | D:1      | 668 ||| READING scroll labelled XUCHUI ROIBB.
   671 | D:1      | 671 ||| READING scroll labelled XIHIDE SIXIOTA.
   672 | D:1      | 672 ||| DROPPING scroll of poison.
   821 | D:2      | Reached XP level 3. HP: 29/29 MP: 3/3
   871 | D:2      | 871 ||| FLEEEEING.
   912 | D:2      | Noticed Robin
   921 | D:2      | HP: 6/29 [goblin/+0 dagger[Robin] (2)]
   922 | D:2      | HP: 2/29 [hobgoblin[Robin] (4)]
   922 | D:2      | Slain by a hobgoblin

Levels and vault maps discovered:
D:1:      eino_arrival_water_star, layout_loops_ring, serial_shops,
          nicolae_shop_tiny_waterfront, nicolae_shop_rolled_up, shop,
          nicolae_shop_window_shopping, nicolae_diamond_shop,
          palyth_stone_intersect, item_on_display_a
D:2:      layout_basic, hangedman_decor_growths, uniq_jessica, uniq_robin

Skill      XL: |  1  2 |
---------------+-------+-----
Ranged Weapons | 3 |  3.9
Fighting       | 2 |  2.0
Dodging        | |  2.1
Spellcasting   | |  1.0
Hexes          | |  2.0

Action                     || total
---------------------------++-------
   Fire: Sling             ||    85
    Use: Scroll            ||     4
 Armour: Leather armour    ||    13
  Dodge: Dodged            ||    34

Table legend:
 A = Non-vault XP
 B = Vault XP
 C = Vault XP percentage of total XP
 D = Non-vault monster count
 E = Vault monster count
 F = Vault count percentage of total count
                 A         B        C        D         E       F
            +---------+---------+-------+---------+---------+-------
      Total |      47 |      13 |  21.7 |      27 |       7 |  20.6
            +---------+---------+-------+---------+---------+-------
        D:1 |      24 |       0 |   0.0 |      15 |       0 |   0.0
        D:2 |      23 |      13 |  36.1 |      12 |       7 |  36.8
            +---------+---------+-------+---------+---------+-------
